AoeStats
← ZamSerg

Arena

506096454Analyzed
4v4 RM · 20d ago on Sep 12, 2026· 47m 51s· 8 players
Game mode
Random Map
Map size
Large (8 player)
Population
200
Speed
Normal
Resources
Standard
Victory
Conquest
Starting age
Dark Age
Ending age
Imperial Age
RankedLock teamsTeams togetherTeam positionsShared explorationLock speedFull tech treeHidden civsTurbo modeCheats
Victory
Defeat
🇦🇷 Turks · Argentina
1283
+14
🇵🇹 Poles · Portugal
1281
+14
🇷🇺 Khitans · Russia
1261
+15
🇹🇷 Wu · Türkiye
1235
+16
🇺🇸 Huns · United States
1326
-18
🇨🇳 Berbers · China
1234
-15
🇦🇺 Magyars · Australia
1207
-13
🇬🇧 Byzantines · United Kingdom
1190
-14
C_3PO
10:47 Feudal Age
14:40 Castle Age
12:41 Double-Bit Axe
15:41 Fletching
27:22 Bodkin Arrow
39:26 Imperial Age
36:46 Loom
36:47 Horse Collar
37:18 Bow Saw
39:32 Elite Janissary
40:14 Bracer
40:14 Padded Archer Armor
39:54 Capped Ram
42:04 Leather Archer Armor
42:17 Ballistics
冰人
5:39 Loom
7:55 Feudal Age
8:37 Double-Bit Axe
10:13 Fletching
12:28 Horse Collar
21:02 Castle Age
24:48 Bow Saw
26:00 Heavy Plow
26:28 Stone Mining
28:04 Stone Shaft Mining
28:49 Fortified Wall
32:07 Wheelbarrow
31:18 Town Watch
36:30 Imperial Age
34:16 Hand Cart
34:58 Scale Barding Armor
35:00 Szlachta Privileges
35:23 Forging
35:33 Gold Mining
36:13 Chain Barding Armor
37:05 Iron Casting
37:15 Bloodlines
36:36 Cavalier
37:18 Husbandry
38:02 Conscription
40:25 Blast Furnace
39:33 Bodkin Arrow
40:41 Padded Archer Armor
41:54 Bracer
42:20 Ballistics
43:31 Leather Archer Armor
44:17 Chemistry
44:12 Crop Rotation
45:10 Elite Skirmisher
45:56 Thumb Ring
45:59 Siege Engineers
46:04 Masonry
45:50 Murder Holes
45:35 Treadmill Crane
MA
6:45 Loom
11:15 Feudal Age
12:14 Double-Bit Axe
12:14 Horse Collar
15:14 Castle Age
16:07 Wheelbarrow
16:13 Bow Saw
20:54 Scale Mail Armor
21:06 Forging
21:08 Pikeman
22:22 Squires
22:08 Arson
23:11 Chain Mail Armor
23:31 Iron Casting
24:11 Iron Casting
25:22 Heavy Plow
25:13 Gold Mining
25:13 Stone Mining
26:28 Hand Cart
29:15 Gold Shaft Mining
29:15 Stone Shaft Mining
28:48 Loom
28:48 Town Watch
32:48 Imperial Age
33:56 Conscription
34:04 Sitting Tiger
33:32 Halberdier
34:43 Plate Mail Armor
35:27 Blast Furnace
42:04 Chemistry
41:25 Ballistics
42:18 Murder Holes
42:33 Masonry
42:04 Treadmill Crane
45:37 Town Patrol
46:42 Two-Man Saw
ZamSerg
10:54 Feudal Age
15:18 Castle Age
13:52 Double-Bit Axe
14:03 Domestication
16:57 Bow Saw
17:47 Pastoralism
21:48 Loom
23:07 Gold Mining
24:43 Wheelbarrow
24:43 Stone Mining
27:22 Hand Cart
26:53 Town Watch
29:56 Imperial Age
28:09 Stone Shaft Mining
27:51 Squires
27:37 Arson
27:37 Gambesons
27:13 Man-at-Arms
28:57 Scale Mail Armor
29:08 Forging
28:48 Fletching
28:58 Murder Holes
28:44 Treadmill Crane
29:15 Masonry
28:47 Pikeman
30:26 Chain Mail Armor
32:37 Bodkin Arrow
32:43 Padded Archer Armor
33:22 Iron Casting
33:07 Elite Fire Lancer
35:00 Leather Archer Armor
34:46 Bracer
35:16 Plate Mail Armor
35:56 Transhumance
36:30 Two-Man Saw
36:03 Ballistics
36:43 Chemistry
36:08 Conscription
36:00 Lamellar Armor
35:17 Elite Liao Dao
38:20 Ring Archer Armor
38:15 Fortified Wall
37:48 Capped Ram
38:40 Siege Ram
djmacca2
11:20 Feudal Age
16:08 Castle Age
17:08 Double-Bit Axe
18:05 Wheelbarrow
17:25 Horse Collar
24:45 Bow Saw
31:02 Imperial Age
28:48 Scale Barding Armor
28:53 Forging
29:10 Husbandry
29:31 Gold Mining
30:12 Hand Cart
30:21 Chain Barding Armor
31:05 Cavalier
32:44 Plate Barding Armor
32:44 Iron Casting
32:25 Paladin
34:52 Two-Man Saw
38:30 Man-at-Arms
39:38 Squires
39:24 Arson
39:40 Scale Mail Armor
40:47 Chain Mail Armor
40:32 Long Swordsman
41:13 Two-Handed Swordsman
42:29 Ballistics
43:09 Chemistry
42:24 Heavy Plow
42:06 Light Cavalry
42:21 Champion
43:01 Hussar
44:52 Plate Mail Armor
KingSlaayerAoE
10:16 Feudal Age
10:24 Feudal Age
14:33 Castle Age
12:35 Double-Bit Axe
13:22 Horse Collar
15:14 Scale Barding Armor
17:31 Loom
25:46 Bow Saw
29:16 Chain Barding Armor
32:24 Wheelbarrow
35:28 Imperial Age
33:26 Fletching
33:36 Padded Archer Armor
34:36 Forging
34:33 Gold Mining
36:38 Iron Casting
35:32 Cavalier
36:34 Bodkin Arrow
38:06 Chemistry
38:54 Heavy Plow
40:00 Two-Man Saw
39:07 Bracer
39:47 Leather Archer Armor
39:17 Heavy Cavalry Archer
44:23 Husbandry
44:11 Man-at-Arms
45:13 Scale Mail Armor
EU _XING
0:33 Loom
10:23 Feudal Age
9:21 Loom
11:55 Wheelbarrow
11:41 Town Watch
16:21 Fletching
24:34 Castle Age
22:29 Double-Bit Axe
23:52 Scale Mail Armor
24:03 Forging
24:32 Gold Mining
25:35 Bow Saw
28:36 Horse Collar
30:23 Gold Shaft Mining
29:40 Stone Mining
30:42 Hand Cart
30:51 Bow Saw
31:34 Heavy Plow
35:09 Bodkin Arrow
35:14 Padded Archer Armor
38:00 Imperial Age
37:01 Bodkin Arrow
37:06 Padded Archer Armor
37:01 Bodkin Arrow
38:36 Ballistics
37:57 Treadmill Crane
38:28 Fortified Wall
38:15 Murder Holes
38:14 Capped Ram
40:25 Chemistry
39:35 Bracer
39:50 Leather Archer Armor
39:42 Scale Barding Armor
40:36 Crop Rotation
42:05 Ring Archer Armor
41:36 Scale Mail Armor
41:46 Forging
41:36 Scale Mail Armor
41:33 Arrowslits
42:26 Masonry
43:56 Hoardings
furkanonal2018
10:35 Feudal Age
11:34 Double-Bit Axe
17:11 Castle Age
15:53 Horse Collar
17:31 Loom
18:47 Fletching
19:52 Bow Saw
19:51 Heavy Plow
28:48 Bodkin Arrow
36:04 Imperial Age
34:48 Wheelbarrow
36:47 Thumb Ring
37:29 Parthian Tactics
37:08 Padded Archer Armor
38:19 Gold Mining
39:26 Bloodlines
39:22 Elite Skirmisher
41:41 Ballistics
42:21 Chemistry
41:07 Elite Skirmisher
42:37 Gold Shaft Mining
41:46 Elite Skirmisher
41:53 Elite Skirmisher
42:56 Bracer
43:15 Leather Archer Armor
Connection lost

Rejoining the realm…

Still unreachable

The connection could not be restored.

Session expired

The server has moved on; the page needs a fresh start.